AoeStats
← Kae Bae

African Clearing

504138482Analyzed
2v2 RM · 2mo ago on Sep 4, 2026· 62m 36s· 4 players
Game mode
Random Map
Map size
Medium (4 player)
Population
200
Speed
Normal
Resources
Standard
Victory
Conquest
Starting age
Dark Age
Ending age
Imperial Age
RankedLock teamsTeams togetherTeam positionsShared explorationLock speedFull tech treeHidden civsTurbo modeCheats
Victory
Defeat
🇺🇸 Berbers · United States
1050
+17
🇺🇸 Khmer · United States
1050
+17
vs
🇺🇾 Magyars · Uruguay
1092
-18
🇺🇾 Maya · Uruguay
1042
-16
Kae Bae
4:25 Loom
12:56 Feudal Age
13:35 Double-Bit Axe
16:31 Fletching
25:12 Horse Collar
29:42 Gold Mining
33:34 Castle Age
31:41 Padded Archer Armor
33:36 Elite Skirmisher
34:28 Bow Saw
40:04 Wheelbarrow
40:09 Leather Archer Armor
41:32 Heavy Plow
42:32 Bodkin Arrow
42:25 Town Watch
43:32 Hand Cart
44:02 Fortified Wall
44:31 Masonry
46:50 Bloodlines
46:40 Husbandry
48:03 Ballistics
48:15 Thumb Ring
51:38 Imperial Age
51:32 Kasbah
51:52 Elite Genitour
52:35 Bracer
53:06 Ring Archer Armor
52:59 Conscription
53:42 Chemistry
54:38 Town Patrol
57:40 Crop Rotation
61:06 Siege Engineers
Jaryn
10:56 Loom
13:37 Feudal Age
17:58 Double-Bit Axe
18:08 Gold Mining
22:00 Castle Age
20:21 Horse Collar
24:05 Scale Barding Armor
24:37 Husbandry
28:16 Wheelbarrow
29:24 Stone Mining
31:11 Fletching
32:42 Hand Cart
32:12 Town Watch
35:10 Gold Shaft Mining
35:10 Stone Shaft Mining
38:30 Imperial Age
36:31 Heavy Plow
36:42 Bow Saw
39:48 Forging
40:00 Chain Barding Armor
43:37 Double Crossbow
44:39 Conscription
46:18 Plate Barding Armor
45:39 Bodkin Arrow
46:30 Bloodlines
48:00 Ballistics
47:47 Siege Engineers
47:30 Elite Ballista Elephant
49:04 Herbal Medicine
49:58 Masonry
51:13 Hoardings
51:45 Chemistry
51:20 Bracer
51:55 Architecture
51:21 Murder Holes
53:16 Town Patrol
53:58 Light Cavalry
55:47 Hussar
MUERTOMAGICO_GG
4:37 Loom
12:25 Feudal Age
12:52 Double-Bit Axe
15:38 Gold Mining
19:25 Fletching
24:53 Castle Age
23:31 Padded Archer Armor
24:15 Stone Mining
24:10 Horse Collar
25:52 Bodkin Arrow
27:15 Crossbowman
30:43 Leather Archer Armor
32:45 Heavy Plow
32:59 Bow Saw
34:46 Stone Shaft Mining
34:37 Thumb Ring
36:27 Wheelbarrow
37:01 Town Watch
40:36 Imperial Age
40:45 Masonry
40:33 Murder Holes
41:42 Conscription
42:18 Bracer
43:20 Crop Rotation
43:31 Ballistics
46:34 Two-Man Saw
46:01 Elite Plumed Archer
48:44 Hoardings
49:16 Ring Archer Armor
49:25 Architecture
50:21 Chemistry
51:42 Hand Cart
52:47 Town Patrol
61:49 Forging
61:40 Scale Mail Armor
sufran_
6:16 Loom
12:58 Feudal Age
13:46 Double-Bit Axe
18:50 Scale Barding Armor
25:42 Castle Age
23:45 Fletching
24:28 Padded Archer Armor
25:10 Bloodlines
25:15 Gold Mining
26:20 Bodkin Arrow
29:17 Husbandry
33:46 Ballistics
34:14 Thumb Ring
36:35 Wheelbarrow
37:14 Chain Barding Armor
39:47 Pikeman
47:24 Imperial Age
46:03 Town Watch
48:09 Onager
50:24 Bow Saw
50:33 Corvinian Army
50:54 Conscription
51:39 Plate Barding Armor
53:27 Elite Magyar Huszar
58:00 Bracer
Connection lost

Rejoining the realm…

Still unreachable

The connection could not be restored.

Session expired

The server has moved on; the page needs a fresh start.